 Dungeon Crawl Stone Soup version 0.31.0-11-ge490571c62 (webtiles) character file.

Game seed: 1906667524065425104

10600 Gadfly the Ruffian (level 11, -2/84 HPs)
             Began as a Demonspawn Monk on Feb 1, 2024.
             Was a Priest of Nemelex Xobeh.
             Slain by a skeletal warrior
             ... wielding a +2 long sword of flaming
              (16 damage)
             ... on level 11 of the Dungeon.
             The game lasted 00:26:18 (12051 turns).

Gadfly the Ruffian (Demonspawn Monk)               Turns: 12051, Time: 00:26:19

Health: -2/84      AC:  7    Str: 22    XL:     11   Next: 38%
Magic:  0/16       EV: 19    Int: 14    God:    Nemelex Xobeh [***...]
Gold:   1366       SH:  0    Dex: 15    Spells: 2/10 levels left

rFire   + . .        b - melded +2 whip (elec)
rCold   . . .        (shield currently unavailable)
rNeg    . . .        I - melded +0 steam dragon scales
rPois   .            y - +2 helmet {Int+3}
rElec   .            t - scarf {repulsion}
rCorr   .            u - +0 pair of gloves
SInv    .            (no boots)
Will    .....        G - amulet of guardian spirit
Stlth   +            r - +6 ring of strength
HPRegen 0.34/turn    a - ring of protection from fire
MPRegen 0.15/turn

%: repel missiles, guardian spirit
@: about to teleport, flux-form, glowing
A: glow, contaminating, thin metallic scales 2, foul stench 1, icemail 1,
condensation shield
a: Begin Untransformation, Renounce Religion, Draw Escape, Draw Destruction,
Draw Summoning, Triple Draw


You were on level 11 of the Dungeon.
You worshipped Nemelex Xobeh.
Nemelex Xobeh was most pleased with you.
You were something dangerously unstable.
You visited 2 branches of the dungeon, and saw 12 of its levels.

You collected 2099 gold pieces.
You spent 733 gold pieces at shops.

Inventory:

Hand Weapons
 b - a +2 whip of electrocution (melded)
 o - a +2 short sword of venom
 E - a +5 war axe
 H - a +0 scimitar of flaming
Armour
 t - a scarf of repulsion (worn)
 u - a +0 pair of gloves (worn)
 y - a +2 helmet of intelligence (worn)
 I - +0 steam dragon scales (melded)
Jewellery
 a - a ring of protection from fire (right hand)
 r - a +6 ring of strength (left hand)
 G - an amulet of guardian spirit (around neck)
Talismans
 q - a flux talisman (active)
 w - a maw talisman
Wands
 c - a wand of mindburst (10)
 C - a wand of quicksilver (4) (quivered)
Scrolls
 d - 2 scrolls of fog
 i - 2 scrolls of revelation
 l - a scroll of enchant weapon
 m - 3 scrolls of enchant armour
 s - 4 scrolls of teleportation
 v - 2 scrolls of vulnerability
 z - 2 scrolls of blinking
 A - 2 scrolls of poison
 F - a scroll of fear
 K - a scroll of identify
Potions
 e - 2 potions of resistance
 f - 3 potions of haste
 g - 3 potions of curing
 h - 2 potions of attraction
 j - 2 potions of might
 k - 2 potions of mutation
 n - a potion of enlightenment
 p - a potion of cancellation
 x - a potion of lignification
 B - a potion of ambrosia
Miscellaneous
 D - a phial of floods


   Skills:
 + Level 7.0 Fighting
 * Level 7.3 Dodging
 * Level 7.6 Unarmed Combat
 * Level 7.4 Invocations
 * Level 7.5 Evocations
 * Level 7.6 Shapeshifting


You had 2 spell levels left.
You knew the following spells:

 Your Spells              Type           Power      Damage    Failure   Level
a - Ozocubu's Armour      Ice            0%         N/A       65%         3
b - Blink                 Tloc           0%         N/A       41%         2
c - Swiftness             Air            0%         N/A       65%         3

Your spell library contained the following spells:

 Spells                   Type           Power      Damage    Failure   Level
 Apportation              Tloc           0%         N/A       28%         1
 Freeze                   Ice            0%         1d3       28%         1
 Magic Dart               Conj           0%         1d3       28%         1
 Necrotise                Necr           0%         1d4       28%         1
 Sting                    Conj/Alch      0%         1d3       28%         1
 Summon Small Mammal      Summ           0%         N/A       28%         1
 Call Imp                 Summ           0%         N/A       41%         2
 Ensorcelled Hibernation  Hex/Ice        0%         N/A       41%         2
 Mercury Vapours          Alch/Air       0%         N/A       41%         2
 Frozen Ramparts          Ice            0%         1d1       65%         3
 Hailstorm                Conj/Ice       0%         3d5       65%         3
 Mephitic Cloud           Conj/Alch/Air  0%         N/A       65%         3
 Passwall                 Erth           0%         N/A       65%         3
 Summon Ice Beast         Ice/Summ       0%         N/A       65%         3
 Vampiric Draining        Necr           0%         2d6       65%         3
 Volatile Blastmotes      Fire/Tloc      0%         2d10      65%         3
 Fulminant Prism          Conj/Alch      0%         3d5       96%         4
 Iskenderun's Mystic Bla  Conj/Tloc      0%         2d3       96%         4
 Martyr's Knell           Necr/Summ      0%         N/A       96%         4
 Curse of Agony           Necr           0%         N/A       100%        5
 Freezing Cloud           Conj/Ice/Air   0%         6-21      100%        5
 Metabolic Englaciation   Hex/Ice        0%         N/A       100%        5
 Summon Mana Viper        Hex/Summ       0%         N/A       100%        5
 Sculpt Simulacrum        Ice/Alch       0%         N/A       100%        6
 Monstrous Menagerie      Summ           0%         N/A       100%        7


Dungeon Overview and Level Annotations

Branches:
Dungeon (11/15)            Temple (1/1) D:7
   Lair: D:8-11         Orc: D:9-12

Altars:
Ashenzari
Cheibriados
Dithmenos
Fedhas
Gozag
Hepliaklqana
Kikubaaqudgha
Makhleb
Nemelex Xobeh
Okawaru
Qazlal
Ru
Sif Muna
Trog
Uskayaw
Vehumet
Wu Jian
Xom
Yredelemnul

Shops:
D:4 [   D:8 *=**[

Annotations:
D:6 2 transporters, Rassilon's ghost, novice DsMo


Innate Abilities, Weirdness & Mutations

You are something dangerously unstable.
You glow with magical radiation, making you easy to see and hit.
Foes you strike become dangerously contaminated with magical radiation.
You are incapable of wielding weapons or throwing items.
You are mostly covered in thin metallic scales. (AC +3)
You may rarely emit foul miasma when damaged in melee.
A meltable icy envelope protects you from harm. (AC +0)
A meltable shield of frost defends you. (SH +0)


Message History

You hit the skeletal warrior but do no damage.
The skeletal warrior shudders as magic cascades through it!!
The skeletal warrior is severely damaged.
You barely miss the skeletal warrior.
The skeletal warrior is severely damaged.
The skeletal warrior misses you.
You barely miss the skeletal warrior.
The skeletal warrior is severely damaged.
The skeletal warrior hits you but does no damage.
The skeletal warrior hits you with a +2 long sword of flaming!!
The skeletal warrior burns you.
You are too injured to fight recklessly!
You are too injured to fight recklessly!
You are too injured to fight recklessly!
You are too injured to fight recklessly!
You are too injured to fight recklessly!
You are too injured to fight recklessly!
You are too injured to fight recklessly!
You are too injured to fight recklessly!
You are too injured to fight recklessly!
You are too injured to fight recklessly!
You are too injured to fight recklessly!
You are too injured to fight recklessly!
You are too injured to fight recklessly!
You are too injured to fight recklessly!
The skeletal warrior attacks as it pursues you!
The skeletal warrior completely misses you.
The skeletal warrior attacks as it pursues you!
The skeletal warrior completely misses you.
The skeletal warrior attacks as it pursues you!
The skeletal warrior hits you with a +0 short sword!!
As you read the scroll of teleportation, it crumbles to dust.
You feel strangely unstable.
The skeletal warrior hits you with a +0 short sword!
* * * LOW HITPOINT WARNING * * *
The skeletal warrior completely misses you.
The skeletal warrior attacks as it pursues you!
The skeletal warrior hits you with a +2 long sword of flaming!!
You die...
Your body glows slightly brighter and disappears.

#########################
.....#.....).....#.......
.....#...........#.......
.....#...........#.......
.....#...........'.......
.....#..........D#.......
.....#.........z.#....#..
.....#####..#...z#....#
##'###...)..#...p#....#
..))........#....#....#
...........#.....######
.................#
......#.........~+
..................
............##.....
..................
###....#.....


You could see 2 skeletal warriors and an acid dragon.

Vanquished Creatures
  Erica (D:8)
  A two-headed ogre (D:9)
  Pikel (D:4)
  Maurice (D:8)
  A gargoyle (D:10)
  A komodo dragon (D:10)
  Maggie (D:8)
  A rime drake (D:11)
  A queen bee (shapeshifter) (D:9)
  A troll (D:10)
  A polar bear (D:10)
  2 wyverns
  2 wraiths
  9 yaks
  2 steam dragons
  4 vampire mosquitoes (D:10)
  An acid dragon (D:11)
  A water moccasin (D:9)
  A sky beast (D:7)
  3 orc warriors
  A black bear (D:7)
  3 ogres
  3 wolves
  2 phantoms
  2 centaurs
  A lemure (D:4)
  4 kobold brigands
  4 bullfrogs
  3 scorpions
  4 wights (D:7)
  4 killer bees (D:9)
  4 howler monkeys
  2 bombardier beetles
  3 hounds
  2 jellies
  5 orc priests
  A sleepcap (D:6)
  A gnoll bouda (D:8)
  Terence (D:2)
  4 iguanas
  3 orc wizards
  7 gnolls
  4 adders
  4 shadow imps
  3 white imps
  3 ufetubi
  2 ribbon worms
  3 dart slugs
  22 orcs
  2 endoplasms
  2 giant cockroaches
  2 goblins
  8 hobgoblins
  2 jackals (D:5)
  26 kobolds
  6 quokkas
  5 ball pythons
  6 bats
  2 frilled lizards
  2 rats
204 creatures vanquished.

Vanquished Creatures (collateral kills)
  Jeremiah (D:8)
  3 yaks (D:8)
4 creatures vanquished.

Grand Total: 208 creatures vanquished

Notes
Turn   | Place    | Note
-------+----------+-------------------------------------------
     0 | D:1      | Gadfly the Demonspawn Monk began the quest for the Orb.
     0 | D:1      | Reached XP level 1. HP: 18/18 MP: 1/1
   217 | D:1      | Gained mutation: You are partially covered in thin metallic
                  | scales. (AC +2) [demonic ancestry]
   217 | D:1      | Reached XP level 2. HP: 23/24 MP: 2/2
   524 | D:1      | Reached skill level 1 in Invocations
   976 | D:2      | Gained mutation: You may rarely emit foul miasma when
                  | damaged in melee. [demonic ancestry]
   976 | D:2      | Reached XP level 3. HP: 25/29 MP: 2/4
  1006 | D:2      | Noticed Terence
  1013 | D:2      | Killed Terence
  1014 | D:2      | Reached skill level 1 in Evocations
  1014 | D:2      | Reached skill level 1 in Shapeshifting
  1112 | D:2      | Identified a scroll of acquirement
  1157 | D:2      | Found a faded altar of an unknown god.
  1177 | D:2      | Acquired 537 gold pieces
  1405 | D:2      | Gained mutation: A meltable shield of frost defends you.
                  | (SH +0) [demonic ancestry]
  1405 | D:2      | Reached XP level 4. HP: 27/35 MP: 5/5
  1523 | D:2      | Learned a level 3 spell: Ozocubu's Armour
  2210 | D:3      | Identified the +3 chain mail "Tutim" {*Corrode rElec rF++
                  | rC+}
  2256 | D:3      | Gained mutation: A meltable icy envelope protects you from
                  | harm. (AC +0) [demonic ancestry]
  2256 | D:3      | Reached XP level 5. HP: 41/41 MP: 6/6
  2505 | D:4      | Noticed an ogre
  2597 | D:4      | Found Ygaonom's Antique Armour Boutique.
  2608 | D:4      | Bought a brightly glowing robe for 142 gold pieces
  2608 | D:4      | Identified the +0 robe of Uleon Buo {rElec Int+5} (You
                  | bought it in a shop on level 4 of the Dungeon)
  2934 | D:4      | Found a hazy altar of Hepliaklqana.
  2941 | D:4      | Found a bloodstained altar of Trog.
  3121 | D:4      | Reached XP level 6. HP: 33/47 MP: 8/8
  3124 | D:4      | Learned a level 2 spell: Blink
  3228 | D:4      | Noticed Pikel
  3725 | D:4      | Killed Pikel
  3726 | D:4      | Reached skill level 5 in Invocations
  3726 | D:4      | Reached XP level 7. HP: 5/52 MP: 8/10
  4201 | D:5      | Entered Level 5 of the Dungeon
  4444 | D:5      | Reached XP level 8. HP: 51/58 MP: 11/11
  4488 | D:5      | Found a broken altar of Ashenzari.
  4763 | D:5      | Found a hide-covered altar of Uskayaw.
  4829 | D:5      | Reached skill level 5 in Unarmed Combat
  5444 | D:6      | Found a transporter.
  5444 | D:6      | Identified the +4 great mace of Acink {spect, rElec rF+
                  | rC++}
  5444 | D:6      | Noticed Rassilon's ghost (novice DsMo)
  5450 | D:6      | Found a transporter.
  5465 | D:6      | Found a radiant altar of Vehumet.
  6322 | D:7      | Reached skill level 5 in Evocations
  6360 | D:7      | Reached XP level 9. HP: 59/65 MP: 12/12
  6526 | D:7      | Reached skill level 5 in Dodging
  6657 | D:7      | Reached skill level 5 in Shapeshifting
  6972 | D:7      | Found a staircase to the Ecumenical Temple.
  6982 | Temple   | Entered the Ecumenical Temple
  7017 | Temple   | Became a worshipper of Nemelex Xobeh the Trickster
  7017 | Temple   | Reached * piety under Nemelex Xobeh
  7017 | Temple   | Received a gift from Nemelex Xobeh
  7017 | Temple   | Reached ** piety under Nemelex Xobeh
  7566 | D:7      | Acquired 955 gold pieces
  7642 | D:4      | Bought a runed helmet for 187 gold pieces
  7778 | D:8      | Found Qonahoe's Antique Armour Emporium.
  7793 | D:8      | Noticed Maurice
  7811 | D:8      | Maurice stole a maw talisman
  7815 | D:8      | Maurice stole a +5 war axe
  7817 | D:8      | Killed Maurice
  7831 | D:8      | Reached skill level 5 in Fighting
  7996 | D:8      | Found Ifodua's General Store.
  8005 | D:8      | Bought a scroll of fear for 48 gold pieces
  8037 | D:8      | Noticed Erica
  8056 | D:8      | Killed Erica
  8089 | D:8      | Noticed Jeremiah
  8149 | D:8      | Reached XP level 10. HP: 26/74 MP: 13/13
  8324 | D:8      | HP: 3/65 [Jeremiah/divine providence (11)]
  8331 | D:8      | Killed Jeremiah
  8574 | D:8      | Found Seanaat's Jewellery Shoppe.
  8602 | D:8      | Found Qohaz's Assorted Antiques.
  8664 | D:8      | Bought a sedimented silvery potion for 18 gold pieces
  8698 | D:8      | Bought a square lapis lazuli amulet for 100 gold pieces
  8698 | D:8      | Noticed Maggie
  8712 | D:8      | Killed Maggie
  8874 | D:8      | Found Apunt's Assorted Antiques.
  8910 | D:8      | Bought a dark potion for 14 gold pieces
  8910 | D:8      | Bought a scroll of identify for 32 gold pieces
  8911 | D:8      | Bought a scroll of identify for 32 gold pieces
  8954 | D:8      | Learned a level 3 spell: Swiftness
  8968 | D:8      | Bought a glowing scarf for 160 gold pieces
  9653 | D:9      | Noticed a two-headed ogre
  9669 | D:9      | Received a gift from Nemelex Xobeh
  9789 | D:9      | Killed a two-headed ogre
  9790 | D:9      | Gained mutation: You are mostly covered in thin metallic
                  | scales. (AC +3) [demonic ancestry]
  9790 | D:9      | Reached XP level 11. HP: 55/83 MP: 10/15
 10366 | D:10     | Entered Level 10 of the Dungeon
 10642 | D:10     | Reached *** piety under Nemelex Xobeh
 10642 | D:10     | Received a gift from Nemelex Xobeh
 11586 | D:11     | Received a gift from Nemelex Xobeh
 12031 | D:11     | Noticed a skeletal warrior
 12038 | D:11     | Noticed a skeletal warrior
 12051 | D:11     | Slain by a skeletal warrior

Illustrated notes

Levels and vault maps discovered:
D:1:      elethiomel_arrival_shortcut, layout_basic
D:2:      layout_loops_ring, shapermc_ecumenical_altar_petra, uniq_terence
D:3:      layout_basic, marbit_many_paths
D:4:      layout_gridville, mainiacjoe_overflow_catwalk_spiral, serial_shops,
          nicolae_shop_tiny_glass, minmay_misc_feat_doors, uniq_pikel
D:5:      layout_gridville, nicolae_uskayaw_suspiria,
          nicolae_ashenzari_panopticon, serial_demonic, serial_demonic_e,
          serial_demonic_g, serial_demonic_c, serial_demonic_b
D:6:      layout_gridville, nicolae_vehumet_radiance, gammafunk_ghost_smash
D:7:      layout_gridville, minmay_temple_entry_mist
D:8:      layout_rooms, serial_shops, shop, shop, shop,
          nicolae_shop_tiny_statue_garden, shop, uniq_erica, uniq_jeremiah,
          uniq_maggie, uniq_maurice
D:9:      layout_basic, st_stairs_8, kennysheep_just_a_vault
D:10:     layout_stronghold, overflow_temple_1_default
D:11:     minmay_the_grid_triangle_9x9_recursive_2
          [minmay_the_grid_triangle_9x9_prize_schism,
          minmay_the_grid_triangle_9x9_shrine,
          minmay_the_grid_triangle_9x9_fully_insulated_deathbox,
          minmay_the_grid_triangle_9x9_sparse_checkered], layout_grid_maze,
          hellmonk_lair_entry_icy, lightli_church_of_beogh
Temple:   bh_familiar_temple

Skill      XL: |  1  2  3  4  5  6  7  8  9 10 11 |
---------------+----------------------------------+-----
Invocations    | 1 2 3 5 6 7 |  7.4
Unarmed Combat | 3 4 5 6 7 |  7.6
Evocations     | 1 2 4 5 6 7 |  7.5
Shapeshifting  | 1 2 3 4 6 7 |  7.6
Dodging        | 3 4 5 6 7 |  7.3
Fighting       | 4 5 6 7 |  7.0

Action                     |  1- 3 |  4- 6 |  7- 9 | 10-12 || total
---------------------------+-------+-------+-------+-------++-------
  Melee: Unarmed           |    28 |       |   125 |   274 ||   427
         Whip              |    69 |    79 |    80 |    46 ||   274
         Dagger            |       |    39 |   232 |       ||   271
         Punch             |       |       |    19 |     3 ||    22
 Invoke: Draw Destruction  |       |       |     2 |     1 ||     3
         Draw Summoning    |       |       |     1 |     1 ||     2
         Draw Escape       |       |       |       |     1 ||     1
    Use: Scroll            |    10 |     5 |     2 |     6 ||    23
         Potion            |       |     1 |     1 |     2 ||     4
   Stab: Petrified         |       |       |     6 |       ||     6
         Sleeping          |       |       |     1 |       ||     1
 Armour: Robe              |    51 |    71 |   259 |    31 ||   412
         Skin              |       |       |       |   140 ||   140
         Steam dragon scal |       |       |       |     3 ||     3
  Dodge: Dodged            |    57 |    65 |   301 |   384 ||   807
  Block: Other             |       |       |    76 |    82 ||   158
   Form: Flux              |       |       |       |     2 ||     2
                           |       |       |       |     1 ||     1
